 Dungeon Crawl Stone Soup version 0.32-a0-932-g546787307d (webtiles) character file.

Game seed: 4269377496945236968

107 Decritt the Trooper (level 4, -5/41 HPs)
             Began as a Mountain Dwarf Fighter on Apr 14, 2024.
             Was a Follower of Zin.
             Slain by an ogre
             ... wielding a +0 giant club
              (18 damage)
             ... on level 3 of the Dungeon.
             The game lasted 00:03:19 (1963 turns).

Decritt the Trooper (Mountain Dwarf Fighter)        Turns: 1963, Time: 00:03:20

Health: -5/41      AC:  7    Str: 20    XL:     4   Next: 57%
Magic:  0/4        EV: 13    Int:  9    God:    Zin [*.....]
Gold:   110        SH:  4    Dex:  9    Spells: 3/3 levels left

rFire   . . .        a - +0 war axe
rCold   . . .        c - +0 buckler
rNeg    . . .        b - +0 scale mail
rPois   .            (no helmet)
rElec   .            (no cloak)
rCorr   .            (no gloves)
SInv    .            (no boots)
Will    .....        h - amulet of guardian spirit Stlth
                     l - +5 ring of evasion
HPRegen 0.26/turn    (no ring)
MPRegen 0.09/turn

%: guardian spirit
@: about to teleport, weak-willed
A: runic magic, artefact enchanting
a: Renounce Religion, Recite, Donate Gold


You were on level 3 of the Dungeon.
You worshipped Zin.
Zin was aware of your devotion.
You visited 1 branch of the dungeon, and saw 3 of its levels.

You collected 122 gold pieces.
You donated 12 gold pieces to Zin.

Inventory:

Hand Weapons
 a - a +0 war axe (weapon)
Armour
 b - a +0 scale mail (worn)
 c - a +0 buckler (worn)
Jewellery
 h - an amulet of guardian spirit (around neck)
 l - a +5 ring of evasion (left hand)
Scrolls
 e - a scroll of teleportation
 g - a scroll of vulnerability
 i - a scroll of poison {unknown}
 k - a scroll of noise {unknown}
 m - a scroll of identify {unknown}
Potions
 d - 3 potions of might
 f - a potion of haste {unknown}
 j - a potion of heal wounds {unknown}


   Skills:
 * Level 4.3 Fighting
 * Level 3.9 Axes
 + Level 3.7 Armour
 + Level 3.9 Shields


You had 3 spell levels left.
You didn't know any spells.
Your spell library contained the following spells:

 Spells                   Type           Power      Damage    Failure   Level
 Magic Dart               Conj           0%         1d3       54%         1
 Lesser Beckoning         Tloc           0%         N/A       69%         2
 Searing Ray              Conj           0%         2d4       69%         2
 Maxwell's Portable Pile  Tloc           0%         2d(5-13)  89%         3
 Teleport Other           Tloc           0%         N/A       89%         3
 Fulminant Prism          Conj/Alch      0%         3d5       100%        4
 Ignite Poison            Fire/Alch      0%         N/A       100%        4
 Sticky Flame             Fire/Alch      0%         2d4       100%        4
 Haunt                    Necr/Summ      0%         N/A       100%        7
 Borgnjor's Revivificati  Necr           0%         N/A       100%        8
 Ignition                 Fire           0%         3d3       100%        8
 Death's Door             Necr           0%         N/A       100%        9


Dungeon Overview and Level Annotations

Branches:
Dungeon (3/15)

Altars:
Zin

Annotations:
D:3 Robin


Innate Abilities, Weirdness & Mutations

Your spellcasting is much less encumbered by armour.
You can use scrolls of enchantment on lesser artefacts.


Message History

Robin roars a battlecry!
The goblin goes into a battle-frenzy!
The goblin hits you but does no damage.
You closely miss the goblin. You barely miss the goblin.
You hit Robin but do no damage. The goblin hits you with a +0 club.
Robin barely misses you. The goblin misses you.
You closely miss the goblin. x2; You hit Robin but do no damage.
The goblin hits you with a +0 club. You block Robin's attack.
A kobold comes into view.
It is wielding a +0 short sword and quivering poisoned darts.
The goblin hits you with a +0 club.
* * * LOW HITPOINT WARNING * * *
The goblin hits you but does no damage. x2
The kobold shouts!
You slash the goblin!
You kill the goblin!
You hit the goblin. You hit the ogre but do no damage.
The goblin no longer looks unusually strong.
Robin throws the goblin at you!
* * * LOW HITPOINT WARNING * * *
You block the goblin's attack. The ogre barely misses you.
Okay, then.
As you read the scroll labelled EZIQECR FOQIO, it crumbles to dust.
A wave of despondency washes over your surroundings.
It was a scroll of vulnerability.
Robin misses you. The goblin hits you with a +0 club.
* * * LOW HITPOINT WARNING * * *
The goblin hits you with a +0 dagger.
* * * LOW HITPOINT WARNING * * *
You block the ogre's attack.
As you read the scroll labelled UXTECIA GU ZUU, it crumbles to dust.
You feel strangely unstable.
It was a scroll of teleportation.
The goblin hits you with a +0 club.
* * * LOW HITPOINT WARNING * * *
The goblin barely misses you.
You barely miss the goblin.
The goblin is severely wounded.
You closely miss the goblin. You barely miss the ogre.
The goblin completely misses you. The goblin closely misses you.
The ogre hits you with a +0 giant club!!
You die...

#... ###<#.
#...##.....
#####.........##
...............#
..............
........ r.. ...
#...##g##.##. ..#
#...g@OgK.... #.#
#..$######### #.#
#...#
#.#########...###
#.##............#
#.##.####.....#.#
##.##.####..#.##.#
.........#..#... .
###.#.##.#..####..#


You could see an ogre (weak-willed), Robin (weak-willed), 2 goblins, a kobold
(weak-willed) and a rat (weak-willed).

Vanquished Creatures
  3 adders
  A gnoll (D:1)
  A ribbon worm (D:2)
  6 ball pythons
  4 bats
  6 endoplasms
  A giant cockroach (D:1)
  10 goblins
  7 hobgoblins
  5 quokkas
  6 frilled lizards (D:2)
  6 kobolds
  3 rats
59 creatures vanquished.

Notes
Turn   | Place    | Note
-------+----------+-------------------------------------------
     0 | D:1      | Decritt the Mountain Dwarf Fighter began the quest for the
                  | Orb.
     0 | D:1      | Reached XP level 1. HP: 19/19 MP: 1/1
   347 | D:1      | Reached XP level 2. HP: 25/26 MP: 2/2
   646 | D:1      | Reached XP level 3. HP: 21/33 MP: 3/3
  1206 | D:2      | Reached skill level 4 in Fighting
  1407 | D:2      | Reached XP level 4. HP: 31/40 MP: 2/4
  1794 | D:2      | Found a glowing silver altar of Zin.
  1802 | D:2      | Became a worshipper of Zin the Law-Giver
  1802 | D:2      | Reached * piety under Zin
  1941 | D:3      | Noticed Robin
  1953 | D:3      | Noticed an ogre
  1963 | D:3      | Slain by an ogre

Illustrated notes

Levels and vault maps discovered:
D:1:      dpeg_arrival_simpleton_b, layout_basic, minivault_5, minmay_ruptured
D:2:      layout_loops_ring, basic_altar
D:3:      layout_loops_cross, ebering_ghost_sewer_d, corexii_hall_statues_x,
          patterned_corridor, uniq_robin

Skill      XL: |  1  2  3 |
---------------+----------+-----
Axes           | 3 |  3.9
Fighting       | 4 |  4.3
Armour         | |  3.7
Shields        | |  3.9

Action                     |  1- 3 |  4- 6 || total
---------------------------+-------+-------++-------
  Melee: War axe           |   106 |    48 ||   154
    Use: Scroll            |       |     2 ||     2
 Armour: Scale mail        |    87 |    32 ||   119
  Dodge: Dodged            |    43 |    45 ||    88
  Block: Buckler           |    18 |    14 ||    32

Table legend: (Time is in decaauts)
 A = Elapsed time spent in this place.
 B = Non-inter-level travel time spent in this place.
 C = Inter-level travel time spent in this place.
 D = Time resting spent in this place.
 E = Time spent auto-exploring this place.
 F = Levels seen in this place.
 G = Mean time per level.
                   A        B        C        D        E       F      G
               +--------+--------+--------+--------+--------+-----+--------+
         Total |   2017 |   1947 |     70 |     18 |   1506 |   3 |  672.3 |
       Dungeon |   2017 |   1947 |     70 |     18 |   1506 |   3 |  672.3 |
               +--------+--------+--------+--------+--------+-----+--------+

Top non-repeatable levels by time:
     D:1: 1024 daAuts
     D:2: 887 daAuts
     D:3: 106 daAuts
